 Dungeon Crawl Stone Soup version 0.22-a0-409-gb855193 (webtiles) character file.

1766 4thArraOfDagon the Firebug (level 9, 0/74 HPs)
             Began as an Ogre Fire Elementalist on May 10, 2018.
             Was a Believer of Vehumet.
             Killed from afar by Dowan (20 damage)
             ... with a shard of ice
             ... on level 5 of the Dungeon.
             The game lasted 00:12:19 (5283 turns).

4thArraOfDagon the Firebug (Ogre Fire Elementalist) Turns: 5283, Time: 00:12:20

Health: 0/74       AC:  5    Str: 14    XL:     9   Next: 7%
Magic:  3/18       EV: 10    Int: 24    God:    Vehumet [**....]
Gold:   369        SH:  3    Dex:  9    Spells: 12/20 levels left

rFire    . . .     SeeInvis .   d - +1 morningstar (drain)
rCold    . . .     Gourm    .   (no shield)
rNeg     . . .     Faith    .   a - +1 robe
rPois    .         Spirit   .   (helmet restricted)
rElec    .         Reflect  +   s - +0 cloak
rCorr    .         Harm     .   (gloves unavailable)
MR       .....                  (boots unavailable)
Stlth    +.........             l - +3 amulet of reflection
HPRegen  0.22/turn              f - ring of flight
MPRegen  0.16/turn              (no ring)

@: brilliant
A: large, unfitting armour, tough skin 1
a: Renounce Religion, Evoke Flight


You were on level 5 of the Dungeon.
You worshipped Vehumet.
Vehumet was pleased with you.
You were very hungry.

You visited 1 branch of the dungeon, and saw 7 of its levels.

You collected 369 gold pieces.

Inventory:

Hand Weapons
 d - a +1 morningstar of draining (weapon)
Armour
 a - a +1 robe (worn)
 r - a scarf of cloud immunity
 s - a +0 cloak (worn)
Jewellery
 f - a ring of flight (left hand)
 l - a +3 amulet of reflection (around neck)
 p - a +2 ring of evasion {unknown}
Wands
 g - a wand of digging (10)
 i - a wand of flame (25)
Scrolls
 b - a scroll of blinking {unknown}
 e - 2 scrolls of enchant armour
 h - a scroll of immolation {unknown}
 j - 2 scrolls of remove curse
 k - a scroll of amnesia {unknown}
 m - 5 scrolls of identify {unknown}
 n - 3 scrolls of teleportation {unknown}
 u - a scroll of enchant weapon {unknown}
Potions
 o - a potion of magic {unknown}
 q - a potion of might {unknown}
 t - 2 potions of curing
 v - a potion of brilliance
Comestibles
 c - 13 rations


   Skills:
 - Level 1.7 Dodging
 - Level 1.4 Stealth
 + Level 6.0 Spellcasting
 * Level 6.6 Conjurations
 * Level 7.1 Fire Magic


You had 12 spell levels left.
You knew the following spells:

 Your Spells              Type           Power        Failure   Level  Hunger
a - Flame Tongue          Conj/Fire      #####        1%          1    None
b - Conjure Flame         Conj/Fire      ######..     1%          3    #......
c - Sticky Flame          Conj/Fire      ######..     1%          4    ###....


Dungeon Overview and Level Annotations

Branches:
Dungeon (7/15)             Temple (0/1) D:4

Altars:
Elyvilon
Kikubaaqudgha
Vehumet
Yredelemnul

Shops:
D:6 (=([

Annotations:
D:5 Dowan


Innate Abilities, Weirdness & Mutations

You are too large for most types of armour.
You have tough skin. (AC +1)


Message History

The shard of ice hits you!
Dowan gestures wildly while chanting.
Dowan blinks!
Unknown command.
Things that are here:
a rapier; a chain mail Dowan hits you with a dagger.
* * * LOW HITPOINT WARNING * * *
Casting: Sticky Flame (safe; 1% risk of failure)
Confirm with . or Enter, or press ? or * to list all spells.
Aiming: Sticky Flame (safe; 1% risk of failure)
Press: ? - help, Shift-Dir - straight line, f - Dowan
Aim: Dowan, wielding a dagger and wearing a robe (fast)
The sticky flame hits Dowan.
Dowan is moderately wounded.
Dowan is covered in liquid flames!
Dowan is no longer moving quickly.
Dowan burns!
Dowan points at you and mumbles some strange words.
The shard of ice hits you!
You die...

.. ##..## .... ....
##.## ###
.....######.##
........##)##
..........##
....#####.## ...
#...## . ##e#..#
#.(@..# ##.....#
###..._..#
###........#
####..........##
#..............#
......)..........#
.................##
..................#


You could see Dowan (burning).

Vanquished Creatures
  The ghost of azzavlup the Changer, an amateur DrTm (D:4)
  Duvessa (D:5)
  A phantom (D:4)
  3 ice beasts
  2 ogres
  2 howler monkeys
  2 crimson imps
  4 hounds
  Crazy Yiuf (D:4)
  An orc priest (D:4)
  2 centaur skeletons
  3 iguanas
  Natasha (thrice) (D:2)
  4 orc wizards
  3 worker ants
  A hound zombie (D:6)
  9 adders
  A shadow imp (D:6)
  3 worms
  3 dart slugs
  5 leopard geckos
  18 orcs
  A ball python (D:3)
  6 bats
  2 bat zombies (D:2)
  8 giant cockroaches
  10 goblins
  7 hobgoblins
  5 quokkas
  6 frilled lizards
  6 kobolds
  9 rats
  A rat zombie (D:2)
134 creatures vanquished.

Notes
Turn   | Place    | Note
-------+----------+-------------------------------------------
     0 | D:1      | 4thArraOfDagon the Ogre Fire Elementalist began the quest for the Orb.
     0 | D:1      | Reached XP level 1. HP: 16/16 MP: 3/3
     7 | D:1      | You fall through a shaft!
     8 | D:2      | Reached skill level 1 in Conjurations
    80 | D:2      | Reached XP level 2. HP: 24/24 MP: 5/5
   156 | D:3      | Reached skill level 3 in Fire Magic
   250 | D:4      | Reached XP level 3. HP: 29/31 MP: 1/7
   255 | D:4      | Learned a level 3 spell: Conjure Flame
   298 | D:5      | Entered Level 5 of the Dungeon
   353 | D:6      | Noticed an ogre
   380 | D:6      | Killed an ogre
   380 | D:6      | Reached XP level 4. HP: 39/39 MP: 0/9
   380 | D:6      | Reached XP level 5. HP: 45/45 MP: 0/10
   391 | D:6      | Learned a level 4 spell: Sticky Flame
   525 | D:6      | Noticed an ice beast
   636 | D:6      | Killed an ice beast
   636 | D:6      | Reached skill level 4 in Fire Magic
   681 | D:6      | Reached XP level 6. HP: 49/53 MP: 2/11
   765 | D:6      | Found a basalt altar of Yredelemnul.
   863 | D:6      | Found Etrots's Antique Weapon Emporium.
   864 | D:6      | Found Cibletra's Antique Armour Emporium.
   867 | D:6      | Found Vigil's Antique Weapon Emporium.
   869 | D:6      | Found Ufapnuz's Jewellery Emporium.
   997 | D:7      | Found a radiant altar of Vehumet.
  1067 | D:7      | Became a worshipper of Vehumet
  1215 | D:6      | Noticed an ice beast
  1221 | D:6      | Killed an ice beast
  1221 | D:6      | Reached XP level 7. HP: 59/59 MP: 5/13
  1852 | D:5      | Reached skill level 5 in Fire Magic
  1916 | D:5      | Found a radiant altar of Vehumet.
  2087 | D:4      | Found a staircase to the Ecumenical Temple.
  2387 | D:4      | Reached skill level 5 in Conjurations
  2387 | D:4      | Reached XP level 8. HP: 22/67 MP: 10/15
  2404 | D:3      | Found a white marble altar of Elyvilon.
  2480 | D:4      | Reached * piety under Vehumet
  2480 | D:4      | Offered knowledge of Sandblast by Vehumet.
  2642 | D:4      | Found a runed door.
  2646 | D:4      | Noticed Crazy Yiuf
  2651 | D:4      | Killed Crazy Yiuf
  2651 | D:4      | Reached skill level 5 in Spellcasting
  2730 | D:4      | Reached skill level 6 in Fire Magic
  2841 | D:4      | Noticed azzavlup's ghost (amateur DrTm)
  2860 | D:4      | Killed azzavlup's ghost
  3652 | D:2      | Noticed Natasha
  3669 | D:2      | Killed Natasha
  3766 | D:2      | Offered knowledge of Searing Ray by Vehumet.
  3918 | D:2      | Reached ** piety under Vehumet
  3967 | D:2      | Found an ancient bone altar of Kikubaaqudgha.
  4283 | D:2      | Noticed Natasha
  4288 | D:2      | Killed Natasha
  4408 | D:2      | Noticed Natasha
  4416 | D:2      | Killed Natasha
  5207 | D:5      | Noticed Dowan
  5216 | D:5      | Reached skill level 7 in Fire Magic
  5216 | D:5      | Reached XP level 9. HP: 71/74 MP: 12/17
  5221 | D:5      | Noticed Duvessa
  5253 | D:5      | Killed Duvessa
  5283 | D:5      | Killed from afar by Dowan

Vault maps used:
D:1:      giann_wishing_wells
D:2:      lemuel_zombie_altar_kikubaaqudgha, uniq_natasha
D:3:      nicolae_overflow_hidden_temple, grunt_ministairs_2
D:4:      cheibrodos_pilgrimage, minmay_temple_entry_statues, first_ration,
          uniq_crazy_yiuf_cottage
D:5:      basic_altar, uniq_duvessa, uniq_menkaure
D:6:      overflow_temple_1_default, minmay_shop_grid_forest
D:7:      kennysheep_little_box, vehumet_altar_wand_db, the_bakery,
          grunt_ministairs_11

Skill      XL: |  1  2  3  4  5  6  7  8  9 |
---------------+----------------------------+-----
Conjurations   | 1 2 3 4 5 6 |  6.6
Fire Magic     | 3 4 5 7 |  7.1
Spellcasting   | 3 4 5 6 |  6.0
Dodging        | |  1.7
Stealth        | |  1.4

Action                   |  1- 3 |  4- 6 |  7- 9 || total
-------------------------+-------+-------+-------++-------
Melee: Morningstar       |       |       |   244 ||   244
       Unarmed           |       |       |    12 ||    12
 Fire: Hunting sling     |    41 |    51 |    13 ||   105
 Cast: Flame Tongue      |     8 |    19 |    47 ||    74
       Conjure Flame     |     2 |     1 |     3 ||     6
       Sticky Flame      |       |     4 |    37 ||    41
Evoke: Wand              |       |       |     7 ||     7
  Use: Scroll            |       |     3 |       ||     3
       Potion            |       |       |     4 ||     4
 Stab: Sleeping          |       |       |     2 ||     2
  Eat: Chunk             |       |     3 |    15 ||    18
       Ration            |       |       |     1 ||     1
Armor: Robe              |     1 |    20 |   154 ||   175
Dodge: Dodged            |     5 |    33 |   216 ||   254
Block: Other             |       |       |    28 ||    28
       Reflection        |       |       |     1 ||     1

Table legend:
 A = Spawn XP
 B = Non-spawn XP
 C = Spawn XP percentage of total XP
 D = Spawn monster count
 E = Non-spawn monster count
 F = Spawn count percentage of total count
 G = Total turns spent on level
                    A         B        C        D         E        F      G
               +---------+---------+-------+---------+---------+-------+---------
         Total |       0 |    2524 |   0.0 |       0 |     134 |   0.0 |  5283
               +---------+---------+-------+---------+---------+-------+---------
           D:1 |       0 |      41 |   0.0 |       0 |      22 |   0.0 |   466
           D:2 |       0 |     215 |   0.0 |       0 |      26 |   0.0 |  1136
           D:3 |       0 |     213 |   0.0 |       0 |      30 |   0.0 |   736
           D:4 |       0 |     893 |   0.0 |       0 |      29 |   0.0 |   989
           D:5 |       0 |     567 |   0.0 |       0 |      11 |   0.0 |   615
           D:6 |       0 |     470 |   0.0 |       0 |      12 |   0.0 |  1153
           D:7 |       0 |     125 |   0.0 |       0 |       4 |   0.0 |   188
               +---------+---------+-------+---------+---------+-------+---------
